 Dungeon Sprint DCSS version 0.31-a0-152-g6aa68a64a1 (webtiles) character file.

Game seed: 13145533231321531508

1423 Conn the Arsonist (level 8, -1/49 HPs)
             Began as an Octopode Fire Elementalist on June 11, 2023.
             Was a Follower of Sif Muna.
             Slain by a tentacle (25 damage)
             ... attached to a kraken
             ... in the Dungeon (Sprint II: "The Violet Keep of Menkaure").
             The game lasted 00:07:06 (388 turns).

Conn the Arsonist (Octopode Fire Elementalist)       Turns: 388, Time: 00:07:07

Health: -1/49      AC:  1    Str:  7    XL:     8   Next: 72%
Magic:  22/22      EV: 14    Int: 20    God:    Sif Muna [*.....]
Gold:   270        SH:  0    Dex: 12    Spells: 12/28 levels left

rFire   . . .        (no weapon)
rCold   . . .        (no shield)
rNeg    . . .        (helmet restricted)
rPois   .            (no amulet)
rElec   .            (no ring)
rCorr   .            (no ring)
SInv    .            (no ring)
Will    .....        (no ring)
Stlth   ++++         (no ring)
HPRegen 0.28/turn    (no ring)
MPRegen 0.18/turn    (no ring)
                     (no ring)

%: no teleportation
@: no status effects
A: almost no armour, amphibious, 8 rings, camouflage 1, gelatinous body 1,
(nimble swimmer 1), tentacles
a: Renounce Religion, Channel Magic


You were in the Dungeon.
You worshipped Sif Muna.
Sif Muna was aware of your devotion.
You visited 1 branch You collected 486 gold pieces.
You spent 216 gold pieces at shops.

Inventory:

Scrolls
 f - a scroll of blinking
Potions
 a - 2 potions of magic
 b - 2 potions of curing
 c - a potion of heal wounds


   Skills:
 + Level 1.7 Fighting
 + Level 5.3 Dodging
 - Level 6.0 Stealth
 * Level 10.6 Spellcasting
 * Level 7.5 Conjurations
 + Level 1.6 Hexes
 + Level 1.3 Summonings
 + Level 11.0 Fire Magic
 + Level 3.2 Air Magic
 + Level 1.6 Poison Magic


You had 12 spell levels left.
You knew the following spells:

 Your Spells              Type           Power      Damage    Failure   Level
a - Foxfire               Conj/Fire      100%       2x1d9     1%          1
b - Scorch                Fire           100%       2d9       1%          2
c - Inner Flame           Hex/Fire       35%        N/A       1%          3
d - Flame Wave            Conj/Fire      47%        2d12      1%          4
e - Mephitic Cloud        Conj/Pois/Air  27%        N/A       3%          3
f - Call Imp              Summ           30%        N/A       6%          2
g - Magic Dart            Conj           100%       1d8       1%          1

Your spell library contained the following spells:

 Spells                   Type           Power      Damage    Failure   Level
 Volatile Blastmotes      Fire/Tloc      64%        2d15      1%          3


Dungeon Overview and Level Annotations

Branches:
Dungeon (1/1)

Altars:
Cheibriados
Dithmenos
Elyvilon
Fedhas
Gozag
Hepliaklqana
Kikubaaqudgha
Makhleb
Nemelex Xobeh
Okawaru
Qazlal
Ru
Sif Muna
Trog
Uskayaw
Vehumet
Wu Jian
Xom
Yredelemnul
Zin
The Shining One
Jiyva
Lugonu

Shops:
D [::=(=[=[!!(!:?

Annotations:
D exclusion: oklob plant


Innate Abilities, Weirdness & Mutations

You cannot wear most types of armour.
You are amphibious.
You can wear up to eight rings at the same time.
Your skin changes colour to match your surroundings (Stealth+).
Your rubbery body absorbs attacks. (AC +1, EV +1)
((You are camouflaged when in or above water. (Stealth+)))
You have tentacles for arms and can constrict up to eight enemies at once.


Message History

Your Summonings skill increases to level 1!
Your Fire Magic skill increases to level 11!
Your Poison Magic skill increases to level 1!
Unknown command.
Your foxfire dissipates!
You start resting.
Your magical contamination has completely faded away.
You start resting.
The walls and floor vibrate strangely for a moment.
You start resting.
HP restored.
You start resting.
Magic restored.
You open the door.
Tentacles burst out of the water! 4 tentacles come into view.
Okay, then.
Found five items.
The tentacle barely misses you.
There is an open door here.
Casting: Inner Flame (safe; 1% risk of failure)
Confirm with . or Enter, or press ? or * to list all spells.
Aiming: Mephitic Cloud (dangerous; 3% risk of failure)
Press: ? - help, Shift-Dir - straight line, f - tentacle
Aim: a tentacle (chance to affect: 43%) That beam is likely to hit you.
Continue anyway?
Okay, then.
Unknown command.
Unknown command.
Found seven items.
The tentacle closely misses you.
You see here a scroll labelled XIASEOH MUUGE.
The tentacle slaps you.
You see here a +0 mace.
The tentacle misses you.
You see here a scroll labelled XIASEOH MUUGE.
The tentacle slaps you!!
You see here a +0 sling.
Found the Orb of Zot.
The tentacle barely misses you.
You see here a book of Necromancy.
The tentacle slaps you!!
Ouch! That really hurt!
You die...

▓▓ ▓0.. ▓▓▓▓▓▓▓▓▓▓
▓≈≈≈≈≈≈§≈▓▓
▓▓▓▓▓▓▓▓▓▓▓
▓[[$$)?[!▓▓
▓$$[??$!$▓▓ +.###
:▓!!!!$!!@▓▓ ...#
##▓)[[!$?w(▓▓ #..#
$#▓$)?!?/))▓▓ +..#
y#▓)![[│?!?▓▓ #..#
h#▓)?(?│(()▓▓
##..##.#▓$[$$$\$?▓▓
###..†##▓▓▓▓▓▓▓\▓▓▓▓+▓
..~~~)~~~~~~~~~.──Xw≈▓
§.~#'########+###.ww≈▓


You could see a kraken and a tentacle.

Vanquished Creatures
  A yaktaur (D)
  2 polar bears (D)
  A hornet (D)
  A vampire mosquito (D)
  Menkaure (D)
  A water moccasin (D)
  4 scorpions (D)
  2 worms (D)
13 creatures vanquished.

Vanquished Creatures (others)
  20 foxfires (D)
  4 tentacles (D)
24 creatures vanquished.

Grand Total: 37 creatures vanquished

Notes
Turn   | Place    | Note
-------+----------+-------------------------------------------
     0 | D        | Conn the Octopode Fire Elementalist began the quest for the
                  | Orb.
     0 | D        | Reached XP level 1. HP: 11/11 MP: 3/3
     5 | D        | Noticed a scorpion
     5 | D        | Noticed a scorpion
     5 | D        | Noticed a scorpion
     5 | D        | Noticed a scorpion
    10 | D        | Killed a scorpion
    11 | D        | Reached skill level 5 in Fire Magic
    11 | D        | Reached XP level 2. HP: 17/17 MP: 4/7
    11 | D        | Reached XP level 3. HP: 21/21 MP: 4/8
    11 | D        | Reached XP level 4. HP: 27/27 MP: 5/10
    14 | D        | Killed a scorpion
    15 | D        | Reached skill level 5 in Spellcasting
    15 | D        | Reached skill level 6 in Fire Magic
    15 | D        | Reached XP level 5. HP: 29/31 MP: 5/12
    19 | D        | Reached skill level 7 in Fire Magic
    21 | D        | Reached skill level 5 in Stealth
    21 | D        | Reached skill level 8 in Fire Magic
    21 | D        | Reached XP level 6. HP: 30/36 MP: 5/15
    35 | D        | Learned a level 2 spell: Scorch
    39 | D        | Learned a level 3 spell: Inner Flame
    44 | D        | Learned a level 4 spell: Flame Wave
    66 | D        | Found Mienusch's Distillery.
    66 | D        | Found Jiupeung's Magic Scroll Emporium.
    66 | D        | Found Betib's Antique Armour Shoppe.
    66 | D        | Found Cyim's Antique Weapon Shoppe.
    66 | D        | Found Jiew's Book Shoppe.
    66 | D        | Found Ymaph's Jewellery Emporium.
    66 | D        | Found Tuobbue's Distillery.
    66 | D        | Found Anubli's Antique Armour Shoppe.
    67 | D        | Found Saat's Jewellery Emporium.
    67 | D        | Found Bakhlakhlo's Antique Weapon Shoppe.
    69 | D        | Found Wodghutsi's Distillery.
    70 | D        | Found Tucloas's Jewellery Shoppe.
    70 | D        | Found Tuecrocw's Book Emporium.
    70 | D        | Noticed Menkaure
    70 | D        | Noticed an ice dragon
    70 | D        | Noticed an oklob plant
    70 | D        | Noticed a redback
    71 | D        | Noticed a redback
    72 | D        | Noticed a water moccasin
    73 | D        | Found Tunac's Antique Armour Shoppe.
    73 | D        | Found Waumub's Book Shoppe.
    78 | D        | Killed a water moccasin
    79 | D        | Reached skill level 5 in Conjurations
    84 | D        | Killed Menkaure
    85 | D        | Reached skill level 9 in Fire Magic
    90 | D        | Noticed a black bear
    91 | D        | Noticed a black bear
    95 | D        | Noticed a black bear
   115 | D        | Bought a book of Minor Magic for 216 gold pieces
   119 | D        | Learned a level 3 spell: Mephitic Cloud
   122 | D        | Learned a level 2 spell: Call Imp
   124 | D        | Learned a level 1 spell: Magic Dart
   133 | D        | Noticed a vampire mosquito
   136 | D        | Killed a vampire mosquito
   137 | D        | Reached skill level 1 in Air Magic
   137 | D        | Reached XP level 7. HP: 33/42 MP: 12/18
   137 | D        | Noticed a flying skull
   137 | D        | Noticed a flying skull
   142 | D        | Noticed a flying skull
   143 | D        | Noticed a flying skull
   145 | D        | Noticed a flying skull
   146 | D        | Noticed a flying skull
   146 | D        | Noticed a flying skull
   146 | D        | Noticed a flying skull
   146 | D        | Noticed a flying skull
   147 | D        | Noticed a flying skull
   147 | D        | Noticed a flying skull
   148 | D        | Noticed a flying skull
   155 | D        | Found an iron altar of Okawaru.
   155 | D        | Found a radiant altar of Vehumet.
   155 | D        | Found a glowing silver altar of Zin.
   156 | D        | Found a sparkling altar of Nemelex Xobeh.
   156 | D        | Found a hide-covered altar of Uskayaw.
   156 | D        | Found a basalt altar of Yredelemnul.
   157 | D        | Found an opulent altar of Gozag.
   157 | D        | Found a burning altar of Makhleb.
   157 | D        | Found a bloodstained altar of Trog.
   158 | D        | Found a blossoming altar of Fedhas.
   158 | D        | Found a corrupted altar of Lugonu.
   158 | D        | Found a shimmering blue altar of Sif Muna.
   159 | D        | Found a white marble altar of Elyvilon.
   159 | D        | Found an ancient bone altar of Kikubaaqudgha.
   160 | D        | Found a shadowy altar of Dithmenos.
   160 | D        | Found a viscous altar of Jiyva.
   161 | D        | Found a snail-covered altar of Cheibriados.
   163 | D        | Found a shimmering altar of Xom.
   163 | D        | Found a sacrificial altar of Ru.
   163 | D        | Found a hazy altar of Hepliaklqana.
   164 | D        | Found a glowing golden altar of the Shining One.
   164 | D        | Found an ornate altar of the Wu Jian Council.
   164 | D        | Found a stormy altar of Qazlal.
   170 | D        | Became a worshipper of Sif Muna the Loreminder
   184 | D        | Noticed a kraken
   247 | D        | Noticed a yaktaur
   247 | D        | Noticed a hornet
   247 | D        | Noticed a polar bear
   247 | D        | Noticed a polar bear
   254 | D        | Killed a polar bear
   255 | D        | Reached skill level 1 in Fighting
   255 | D        | Reached skill level 1 in Hexes
   255 | D        | Reached skill level 10 in Fire Magic
   255 | D        | Killed a hornet
   256 | D        | Reached skill level 5 in Dodging
   256 | D        | Reached XP level 8. HP: 36/48 MP: 4/21
   259 | D        | Killed a polar bear
   259 | D        | Reached * piety under Sif Muna
   259 | D        | Killed a yaktaur
   260 | D        | Reached skill level 10 in Spellcasting
   260 | D        | Reached skill level 1 in Summonings
   260 | D        | Reached skill level 11 in Fire Magic
   260 | D        | Reached skill level 1 in Poison Magic
   388 | D        | Slain by a tentacle

Illustrated notes

Levels and vault maps discovered:
D:        the_violet_keep_of_menkaure [sprint2_stairs_cluster_1,
          sprint2_shoproom, sprint2_temple, sprint2_basic_supplies,
          sprint2_obstacle_1, sprint2_obstacle_6, sprint2_obstacle_5,
          sprint2_obstacle_4, sprint2_obstacle_3, sprint2_timed_cluster_1,
          sprint2_smallroom_cluster_1, sprint2_smallroom_final_cluster_1,
          sprint2_transparent_cluster_1, sprint2_second_timed_cluster_1,
          sprint2_sniper_area_1, sprint2_heavy_combat_area_1,
          sprint2_mutation_trap_area_1, sprint2_forest_area_1,
          sprint2_light_combat_area_1, sprint2_behind_water_1,
          sprint2_near_end_vault_1]

Skill      XL: |  1  2  3  4  5  6  7  8 |
---------------+-------------------------+-----
Stealth        | 3 4 5 6 |  6.0
Spellcasting   | 4 5 6 7 9 10 | 10.6
Conjurations   | 3 4 6 7 |  7.5
Fire Magic     | 5 6 8 9 10 11 | 11.0
Dodging        | 3 4 5 |  5.3
Air Magic      | 1 3 |  3.2
Fighting       | 1 |  1.7
Hexes          | 1 |  1.6
Summonings     | 1 |  1.3
Poison Magic   | 1 |  1.6

Action                     |  1- 3 |  4- 6 |  7- 9 || total
---------------------------+-------+-------+-------++-------
  Melee: Unarmed           |     3 |    13 |       ||    16
         Constrict         |     1 |     4 |       ||     5
         Tentacles         |     1 |     2 |       ||     3
   Cast: Foxfire           |       |    11 |     1 ||    12
         Scorch            |       |     6 |       ||     6
         Inner Flame       |       |     1 |     2 ||     3
         Mephitic Cloud    |       |       |     2 ||     2
         Call Imp          |       |       |     1 ||     1
    Use: Potion            |     2 |     1 |       ||     3
 Armour: Skin              |       |     3 |       ||     3
  Dodge: Dodged            |     2 |     2 |     5 ||     9

Table legend: (Time is in decaauts)
 A = Elapsed time spent in this place.
 B = Non-inter-level travel time spent in this place.
 C = Inter-level travel time spent in this place.
 D = Time resting spent in this place.
 E = Time spent auto-exploring this place.
 F = Levels seen in this place.
 G = Mean time per level.
                   A        B        C        D        E       F      G
               +--------+--------+--------+--------+--------+-----+--------+
         Total |    385 |    381 |      4 |    151 |      0 |   1 |  385.0 |
       Dungeon |    385 |    381 |      4 |    151 |      0 |   1 |  385.0 |
               +--------+--------+--------+--------+--------+-----+--------+

Top non-repeatable levels by time:
       D: 385 daAuts
